AoeStats
← Rragnar716

Black Forest

504833102Analyzed
2v2 RM · 25d ago on Sep 6, 2026· 42m 45s· 4 players
Game mode
Random Map
Map size
Medium (4 player)
Population
200
Speed
Normal
Resources
Standard
Victory
Conquest
Starting age
Dark Age
Ending age
Imperial Age
RankedLock teamsTeams togetherTeam positionsShared explorationLock speedFull tech treeHidden civsTurbo modeCheats
Victory
Defeat
🇨🇦 Turks · Canada
1012
+14
🇨🇳 Georgians · China
896
+18
🇲🇽 Persians · Mexico
952
-46
🇲🇽 Franks · Mexico
952
-46
Sara
13:38 Feudal Age
14:02 Double-Bit Axe
15:47 Gold Mining
17:00 Wheelbarrow
17:01 Horse Collar
23:02 Castle Age
24:05 Bow Saw
24:13 Hand Cart
25:31 Heavy Plow
27:31 Stone Mining
28:20 Gold Shaft Mining
31:35 Forging
31:31 Scale Barding Armor
32:12 Scale Mail Armor
33:29 Iron Casting
35:07 Chain Barding Armor
35:11 Loom
Rragnar716
12:20 Feudal Age
12:55 Double-Bit Axe
14:14 Wheelbarrow
14:36 Gold Mining
19:38 Man-at-Arms
26:17 Castle Age
27:41 Caravan
28:17 Long Swordsman
29:04 Scale Barding Armor
29:25 Hand Cart
31:06 Gold Shaft Mining
30:22 Stone Mining
32:05 Chain Barding Armor
32:59 Elite Skirmisher
36:03 Husbandry
37:34 Forging
38:25 Bow Saw
铁大炮
11:40 Feudal Age
17:08 Castle Age
15:54 Double-Bit Axe
18:32 Bow Saw
22:08 Wheelbarrow
27:06 Hand Cart
26:37 Loom
26:58 Horse Collar
27:11 Gold Mining
30:24 Stone Mining
30:29 Town Watch
34:29 Imperial Age
34:11 Stone Shaft Mining
35:35 Scale Barding Armor
35:40 Forging
36:51 Caravan
38:22 Chemistry
37:42 Ballistics
37:04 Treadmill Crane
37:30 Siege Engineers
37:20 Murder Holes
37:39 Fortified Wall
37:39 Masonry
37:50 Ballistics
38:01 Conscription
39:34 Guard Tower
40:56 Aznauri Cavalry
40:12 Elite Monaspa
40:59 Svan Towers
43:11 Iron Casting
42:57 Chain Barding Armor
potato
1:02 Loom
13:40 Feudal Age
20:08 Castle Age
18:56 Double-Bit Axe
18:59 Fishing Lines
20:19 Horse Collar
21:25 Bow Saw
21:20 Heavy Plow
22:07 Gillnets
22:46 Caravan
24:42 Wheelbarrow
28:20 Imperial Age
26:25 Gold Mining
29:18 Hand Cart
29:58 Conscription
30:11 Padded Archer Armor
39:01 Elite Janissary
39:42 Artillery
41:00 Leather Archer Armor
41:47 Sappers
42:54 Ring Archer Armor
43:32 Two-Man Saw
Connection lost

Rejoining the realm…

Still unreachable

The connection could not be restored.

Session expired

The server has moved on; the page needs a fresh start.